 Dungeon Crawl Stone Soup version 0.21.1-1-g345015fe64 (webtiles) character file.

188 Pisosu the Magician (level 5, -4/35 HPs)
             Began as a Mummy Fire Elementalist on July 31, 2018.
             Killed from afar by an orc wizard (6 damage)
             ... with a magic dart
             ... on level 4 of the Dungeon.
             The game lasted 00:17:16 (7722 turns).

Pisosu the Magician (Mummy Fire Elementalist)       Turns: 7722, Time: 00:17:16

Health: -4/35      AC:  3    Str: 11    XL:     5   Next: 39%
Magic:  3/12       EV: 12    Int: 15    God:
Gold:   92         SH:  0    Dex: 13    Spells: 3/13 levels left

rFire    x . .     SeeInvis .   h - +0 hand axe (chop)
rCold    + . .     Gourm    .   (no shield)
rNeg     + + +     Faith    .   a - +1 robe
rPois    ∞         Spirit   .   (no helmet)
rElec    .         Reflect  .   (no cloak)
rCorr    +         Harm     .   (no gloves)
MR       .....                  (no boots)
Stlth    ++........             (no amulet)
HPRegen  0.11/turn              g - ring of resist corrosion (curse)
MPRegen  0.13/turn              c - ring of wizardry

@: no status effects
A: no food or potions, fire vulnerability, cold resistance 1, negative energy
resistance 3, torment resistance, unbreathing
a: no special abilities


You were on level 4 of the Dungeon.
You were not hungry.

You visited 1 branch of the dungeon, and saw 5 of its levels.

You collected 92 gold pieces.

Inventory:

Hand Weapons
 h - a +0 hand axe of chopping (weapon)
 i - a cursed -1 hand axe
Armour
 a - a +1 robe (worn)
Jewellery
 c - a ring of wizardry (right hand)
 g - a cursed ring of resist corrosion (left hand)
Scrolls
 d - a scroll of identify
 e - 2 scrolls of amnesia
Books
 b - a book of Flames

   Spells                             Type                      Level
   a - Flame Tongue                   Conjuration/Fire             1
   b - Throw Flame                    Conjuration/Fire             2
   c - Conjure Flame                  Conjuration/Fire             3
   d - Inner Flame                    Hexes/Fire                   3
   e - Sticky Flame                   Conjuration/Fire             4
   f - Fireball                       Conjuration/Fire             5


   Skills:
   Level 0.2 Short Blades
 - Level 1.5 Dodging
 - Level 1.5 Stealth
 * Level 4.7 Spellcasting
 * Level 2.0 Conjurations
 * Level 3.7 Fire Magic


You had 3 spell levels left.
You knew the following spells:

 Your Spells              Type           Power        Failure   Level  Hunger
a - Flame Tongue          Conj/Fire      ##...        1%          1    N/A
b - Throw Flame           Conj/Fire      ##....       3%          2    N/A
c - Conjure Flame         Conj/Fire      ##......     6%          3    N/A
d - Sticky Flame          Conj/Fire      ##......     21%         4    N/A

Dungeon Overview and Level Annotations

Branches:
Dungeon (5/15)
 Temple: D:4-7

Altars:
Ashenzari
Fedhas
Nemelex Xobeh
Okawaru
Qazlal
Ru
Sif Muna
Xom
Zin
The Shining One

Annotations:
D:3 tidbits's ghost, amateur GnTm


Innate Abilities, Weirdness & Mutations

You do not eat or drink.
Your flesh is vulnerable to fire.
You are immune to poison.
Your flesh is cold resistant. (rC+)
You are immune to negative energy. (rN+++)
You are immune to unholy pain and torment.
You can survive without breathing.


Message History

The orc wizard casts a spell at you. The puff of flame hits you!
The fire burns you terribly! The orc wizard casts a spell at you.
The puff of flame hits you! The fire burns you terribly!
* * * LOW HITPOINT WARNING * * *
You feel less confused.
As you read the scroll labeled AHINIL JOEN, it crumbles to dust.
It is a scroll of enchant armour.
Really abort (and waste the scroll)?
Your +0 robe glows green for a moment.
Casting: Flame Tongue
Confirm with . or Enter, or press ? or * to list all spells.
Aiming: Flame Tongue
Press: ? - help, Shift-Dir - straight line, f - orc wizard
Aim: an orc wizard, wielding a dagger and wearing a robe The flame tongue hits the orc wizard.
The orc wizard is moderately wounded.
The orc wizard casts a spell at you. The magic dart hits you!
You die...

#....(.......
#...........#
#...........
#.........###
#............
#............
####....<.......
#.....#######.<.
#...@.# #.....#
#...o.#
#.######...##
#......'...#
########...# #...#
#..>##############
#...'...o.[.))....


You could see an orc wizard.

Vanquished Creatures
  A bullfrog (D:2)
  A worker ant (D:4)
  4 adders
  An ooze (D:2)
  A worm (D:3)
  A dart slug (D:1)
  3 leopard geckos
  5 orcs
  3 bats
  3 giant cockroaches (D:3)
  A goblin (D:2)
  5 hobgoblins
  5 kobolds
  6 frilled lizards
  9 rats
49 creatures vanquished.

Notes
Turn   | Place    | Note
-------+----------+-------------------------------------------
     0 | D:1      | Pisosu the Mummy Fire Elementalist began the quest for the Orb.
     0 | D:1      | Reached XP level 1. HP: 13/13 MP: 4/4
   794 | D:1      | Reached skill level 3 in Spellcasting
   794 | D:1      | Reached XP level 2. HP: 19/19 MP: 3/6
   985 | D:1      | Learned a level 2 spell: Throw Flame
  1390 | D:2      | Reached skill level 1 in Conjurations
  2033 | D:2      | Reached XP level 3. HP: 19/24 MP: 2/7
  2123 | D:2      | Learned a level 3 spell: Conjure Flame
  2440 | D:2      | Found a shattered altar of Ashenzari.
  2444 | D:2      | Noticed a bullfrog
  2688 | D:2      | Found a glowing golden altar of the Shining One.
  3083 | D:2      | Noticed an angel
  3084 | D:2      | Found a glowing silver altar of Zin.
  3508 | D:2      | Killed a bullfrog
  3508 | D:2      | Reached skill level 4 in Spellcasting
  3508 | D:2      | Reached XP level 4. HP: 19/30 MP: 5/10
  3928 | D:2      | Found a sparkling altar of Nemelex Xobeh.
  4488 | D:3      | Found an iron altar of Okawaru.
  4490 | D:3      | Found a stormy altar of Qazlal.
  4490 | D:3      | Found a deep blue altar of Sif Muna.
  4494 | D:3      | Reached XP level 5. HP: 35/35 MP: 2/11
  4667 | D:3      | Found a blossoming altar of Fedhas.
  4978 | D:3      | Found a shimmering altar of Xom.
  4980 | D:3      | Found a sacrificial altar of Ru.
  5004 | D:3      | Noticed tidbits's ghost (amateur GnTm)
  6806 | D:3      | Learned a level 4 spell: Sticky Flame
  7705 | D:5      | Entered Level 5 of the Dungeon
  7705 | D:5      | Noticed an ogre
  7722 | D:4      | Killed from afar by an orc wizard

Skill      XL: |  1  2  3  4  5 |
---------------+----------------+-----
Spellcasting   | 3 4 |  4.7
Conjurations   | 1 2 |  2.0
Fire Magic     | 3 |  3.7
Short Blades   | |  0.2
Dodging        | |  1.5
Stealth        | |  1.5

Action                   |  1- 3 |  4- 6 || total
-------------------------+-------+-------++-------
Melee: Unarmed           |     6 |       ||     6
       Short sword       |    21 |       ||    21
       Hand axe          |       |    26 ||    26
 Cast: Flame Tongue      |    24 |    22 ||    46
       Throw Flame       |    24 |    38 ||    62
       Conjure Flame     |       |     4 ||     4
       Sticky Flame      |       |     1 ||     1
  Use: Scroll            |     5 |     1 ||     6
 Stab: Sleeping          |     1 |       ||     1
Armor: Robe              |     1 |     1 ||     2
Dodge: Dodged            |    21 |    27 ||    48
